 Dungeon Crawl Stone Soup version 0.17-a0-473-gfd9ac06 (webtiles) character file.

23 Ololoev the Slasher (level 2, -6/24 HPs)
             Began as a Mummy Chaos Knight on Apr 7, 2015.
             Mangled by Natasha (8 damage)
             ... on level 2 of the Dungeon.
             The game lasted 00:01:25 (560 turns).

Ololoev the Slasher (Mummy Chaos Knight)             Turns: 560, Time: 00:01:25

Health: -6/24      AC:  5    Str: 15    XL:     2   Next: 72%
Magic:  2/2        EV: 11    Int: 11    God:    Xom [....*.]
Gold:   10         SH:  0    Dex: 11    Spells: 0 memorised, 1 level left

rFire  x . .     SeeInvis .     a - +0 falchion (chaos)
rCold  + . .     Clarity  .     b - +2 leather armour
rNeg   + + +     SustAb   .     (no shield)
rPois  ∞         Gourm    .     (no helmet)
rElec  .         Spirit   .     (no cloak)
rCorr  .         Warding  .     (no gloves)
rMut   .         Stasis   .     (no boots)
MR     +....                    (no amulet)
Stlth  +.........               (no ring)
                                d - ring of protection from magic

@: somewhat resistant to hostile enchantments, very unstealthy
A: no food or potions, fire vulnerability, cold resistance 1, negative energy
resistance 3, torment resistance, unbreathing
a: Renounce Religion


Innate Abilities, Weirdness & Mutations

You do not eat or drink.
Your flesh is vulnerable to fire.
You are immune to poison.
Your flesh is cold resistant.
You are immune to negative energy.
You are immune to unholy pain and torment.
You can survive without breathing.

Inventory:

Hand weapons
 a - a +0 falchion of chaos (weapon)
Armour
 b - a +2 leather armour (worn)
Jewellery
 d - a ring of protection from magic (left hand)
Scrolls
 c - a scroll of teleportation {unknown}
 e - a scroll of identify {unknown}
 f - a scroll of remove curse {unknown}


   Skills:
 - Level 3.0 Fighting
 + Level 3.3 Long Blades
 - Level 1.5 Armour
 - Level 0.7 Dodging


You had one spell level left.
You didn't know any spells.


You were on level 2 of the Dungeon.
You worshipped Xom.
You were a beloved toy of Xom.
You were not hungry.

You visited 1 branch of the dungeon, and saw 2 of its levels.

You collected 10 gold pieces.

###### #....#
#....#
#####....#
######
##........#
#.....#
#..###†...###
.......#####(##
#<......
.>.......##...#
###)....
#..h@b..###
#.....
#...#####
#..... #...
#..... ##..
#..... ..#
##.... ... ....
.### ####

Notes
Turn   | Place    | Note
--------------------------------------------------------------
     0 | D:1      | Ololoev, the Mummy Chaos Knight, began the quest for the Orb.
     0 | D:1      | Reached XP level 1. HP: 18/18 MP: 1/1
   118 | D:1      | XOM: potion effect (brilliance)
   126 | D:1      | Reached XP level 2. HP: 24/24 MP: 2/2
   528 | D:2      | XOM: silly message
   552 | D:2      | Noticed Natasha
   560 | D:2      | Mangled by Natasha

Dungeon Overview and Level Annotations

Branches:
Dungeon (2/15)

Altars:

Annotations:
D:2 Natasha


Message History

You are too injured to fight recklessly!
You are too injured to fight recklessly!
You are too injured to fight recklessly!
You are too injured to fight recklessly!
You are too injured to fight recklessly!
You are too injured to fight recklessly!
You are too injured to fight recklessly!
You are too injured to fight recklessly!
You are too injured to fight recklessly!
You are too injured to fight recklessly!
You are too injured to fight recklessly!
You are too injured to fight recklessly!
You are too injured to fight recklessly!
You are too injured to fight recklessly!
You are too injured to fight recklessly!
You are too injured to fight recklessly!
You are too injured to fight recklessly!
You are too injured to fight recklessly!
You are too injured to fight recklessly!
You are too injured to fight recklessly!
You are too injured to fight recklessly!
You are too injured to fight recklessly!
You are too injured to fight recklessly!
You are too injured to fight recklessly!
You closely miss the bat. The bat misses you. Natasha barely misses you.
You hit Natasha but do no damage. The bat closely misses you.
Natasha claws you but does no damage.
You barely miss Natasha. The bat barely misses you.
The bat hits you but does no damage. Natasha claws you!
Natasha closely misses you.
You hit Natasha.
Natasha is poisoned.
Natasha is heavily wounded.
The bat hits you but does no damage. Natasha barely misses you.
You closely miss Natasha.
Natasha is severely wounded.
The bat barely misses you. Natasha claws you.
You closely miss Natasha.
Natasha is severely wounded.
The bat closely misses you. The bat completely misses you. Natasha claws you!
You die...

You could see Natasha and a bat.

Vanquished Creatures
  A giant gecko (D:1)
  A giant cockroach (D:1)
  2 hobgoblins
  4 kobolds
  6 bats
  A giant newt (D:1)
  3 goblins
  5 rats
23 creatures vanquished.

Action                   || total
-------------------------++-------
Melee: Falchion          ||    74

Vault maps used:
D:1:      dpeg_arrival_fog
D:2:      nicolae_overflow_crystal_walls, lemuel_doored_altar, uniq_natasha
